 Dungeon Crawl Stone Soup version 0.27-a0-1182-gee19b5822f (webtiles) character file.

Game seed: 4960084481603667941

3600 Morbidden the Ruffian (level 9, -1/103 HPs)
             Began as a Demonspawn Fighter on May 18, 2021.
             Was an Initiate of Vehumet.
             Slain by a killer bee (8 damage)
             ... on level 10 of the Dungeon.
             The game lasted 00:15:36 (11603 turns).

Morbidden the Ruffian (Demonspawn Fighter)         Turns: 11603, Time: 00:15:37

Health: -1/103     AC:  4    Str: 18    XL:     9   Next: 85%
Magic:  12/15      EV: 17    Int: 12    God:    Vehumet [......]
Gold:   424        SH:  0    Dex: 12    Spells: 12/17 levels left

rFire    + + .     SeeInvis .     - Unarmed
rCold    x . .     Faith    .   (no shield)
rNeg     . . .     Spirit   .   A - +2 robe {rF+}
rPois    .         Reflect  .   (helmet restricted)
rElec    .         Harm     .   (no cloak)
rCorr    .         Rampage  .   (no gloves)
Will     .....                  j - +0 pair of boots
Stlth    ..........             a - amulet of the acrobat
HPRegen  0.27/turn              c - +4 ring of evasion
MPRegen  0.14/turn              x - ring of fire

@: berserking (expiring), lethally poisoned (-1 -> -10), very quick
A: claws 1, horns 2, powered by death 1, deformed body, deterioration 1,
MP-powered wands
a: Renounce Religion


You were on level 10 of the Dungeon.
You worshipped Vehumet.
Vehumet was noncommittal.
You visited 2 branches of the dungeon, and saw 10 of its levels.

You collected 424 gold pieces.

Inventory:

Missiles
 r - a throwing net
 u - 3 curare-tipped darts (quivered)
Armour
 j - a +0 pair of boots (worn)
 A - a +2 robe of fire resistance (worn)
Jewellery
 a - an amulet of the acrobat (around neck)
 c - a +4 ring of evasion (left claw)
 x - a ring of fire (right claw)
Wands
 o - a wand of polymorph (25)
 v - a wand of iceblast (11)
 B - a wand of mindburst (10)
 C - a wand of charming (7)
Scrolls
 b - a scroll of blinking {unknown}
 e - 3 scrolls of noise
 f - 2 scrolls of amnesia {unknown}
 g - a scroll of fog {unknown}
 i - 3 scrolls of enchant weapon
 l - 2 scrolls of enchant armour {unknown}
 m - a scroll of vulnerability {unknown}
 n - 2 scrolls of magic mapping {unknown}
 s - 5 scrolls of identify
 w - a scroll of teleportation {unknown}
 y - a scroll of fear {unknown}
Potions
 d - a potion of might
 h - 3 potions of curing
 k - a potion of berserk rage
 p - 2 potions of cancellation {unknown}
 q - a potion of ambrosia {unknown}
 t - a potion of attraction
 z - a potion of brilliance {unknown}


   Skills:
 * Level 5.9 Fighting
 - Level 2.0 Long Blades
 + Level 1.2 Throwing
 + Level 4.8 Armour
 * Level 4.2 Dodging
 + Level 1.6 Stealth
 + Level 2.9 Shields
 * Level 6.0 Unarmed Combat
 * Level 4.5 Spellcasting
 * Level 4.1 Conjurations
 * Level 4.5 Fire Magic
 + Level 1.1 Evocations


You had 12 spell levels left.
You knew the following spells:

 Your Spells              Type           Power      Damage    Failure   Level
a - Foxfire               Conj/Fire      76%        2x1d7     3%          1
b - Sticky Flame          Conj/Fire      19%        2d4       34%         4

Your spell library contained the following spells:

 Spells                   Type           Power      Damage    Failure   Level
 Conjure Flame            Conj/Fire      19%        6-21      11%         3
 Inner Flame              Hex/Fire       12%        N/A       26%         3
 Ignite Poison            Fire/Tmut/Pois 9%         N/A       34%         3
 Starburst                Conj/Fire      9%         8x6d5     99%         6


Dungeon Overview and Level Annotations

Branches:
Dungeon (8/15)             Temple (1/1) D:6
   Lair: D:8-11

Altars:
Ashenzari
Cheibriados
Dithmenos
Elyvilon
Fedhas
Gozag
Hepliaklqana
Kikubaaqudgha
Makhleb
Nemelex Xobeh
Okawaru
Ru
Sif Muna
Uskayaw
Vehumet
Xom
The Shining One

Annotations:
D:3 1 exclusion


Innate Abilities, Weirdness & Mutations

You have sharp fingernails.
You have a pair of horns on your head.
You regenerate a little health from kills.
Armour fits poorly on your strangely shaped body.
Your body sometimes deteriorates upon taking damage.
You expend magic power (3 MP) to strengthen your wands.


Message History

* * * LOW HITPOINT WARNING * * *
Unknown command.
Unknown command.
Unknown command.
Unknown command.
You barely miss the killer bee. The killer bee stings you.
* * * LOW HITPOINT WARNING * * *
You are poisoned.
The killer bee poisons you!
The killer bee stings you but does no damage. x2
You mangle the killer bee!!
You kill the killer bee!
Vehumet accepts your kill.
You feel sick. The killer bee closely misses you.
You feel sick.
You see here a killer bee corpse.
Unknown command.
You barely miss the killer bee. Your headbutt misses the killer bee.
You feel sick.
You miss the killer bee.
You feel sick. The killer bee barely misses you. The killer bee stings you!
* * * LOW HITPOINT WARNING * * *
The killer bee closely misses you.
You barely miss the killer bee. Your headbutt misses the killer bee.
You claw the killer bee.
The killer bee is lightly wounded.
You feel sick. The killer bee stings you.
* * * LOW HITPOINT WARNING * * *
You are lethally poisoned!
The killer bee poisons you! The killer bee misses you.
Unknown command.
Unknown command.
You are too berserk!
Unknown command.
You closely miss the killer bee. Your headbutt misses the killer bee.
Your claw misses the killer bee.
The killer bee is lightly wounded.
* * * LOW HITPOINT WARNING * * *
You feel sick. The killer bee stings you!
You die...

#.# ##########..#
#Z# #...........#
#.# #...........#
#.###...........#
#......#######..#
#####..# #..# #..#
#..# #..# #..#
#######..#######@.#
............yyyyy.#
........#########.#
........#########.#
..................#
................<.#
###################


You could see 5 killer bees.

Vanquished Creatures
  Pikel (D:7)
  Joseph (D:7)
  A centaur zombie (D:10)
  Grinder (D:4)
  Eustachio (D:5)
  A wyvern (D:10)
  Duvessa (D:6)
  2 orc warriors
  2 black bears
  3 sky beasts
  3 ogres
  A phantom (D:4)
  4 lemures
  3 scorpions
  Dowan (D:6)
  A wyvern skeleton (D:7)
  A water moccasin zombie (D:6)
  A killer bee (D:10)
  An electric eel (D:6)
  2 bullfrog zombies
  A gnoll shaman (D:4)
  5 hounds
  A jelly (D:4)
  An orc priest (D:6)
  A centaur skeleton (D:7)
  An iguana (D:5)
  3 gnolls (D:5)
  6 adders
  A white imp (D:6)
  3 ufetubi
  An adder skeleton (D:4)
  A worm (D:3)
  3 dart slugs (D:3)
  10 orcs
  3 ball pythons
  7 bats
  10 endoplasms
  2 giant cockroaches (D:1)
  8 goblins
  7 hobgoblins
  3 jackals (D:2)
  4 quokkas
  3 frilled lizards
  4 kobolds
  6 rats
127 creatures vanquished.

Vanquished Creatures (others)
  175 foxfires
175 creatures vanquished.

Grand Total: 302 creatures vanquished

Notes
Turn   | Place    | Note
-------+----------+-------------------------------------------
     0 | D:1      | Morbidden the Demonspawn Fighter began the quest for the
                  | Orb.
     0 | D:1      | Reached XP level 1. HP: 18/18 MP: 1/1
   133 | D:1      | Found a faded altar of an unknown god.
   153 | D:1      | Gained mutation: You have sharp fingernails. [demonic
                  | ancestry]
   153 | D:1      | Reached XP level 2. HP: 11/24 MP: 2/2
  1092 | D:2      | Found an iron altar of Okawaru.
  1183 | D:2      | Gained mutation: You have a pair of small horns on your
                  | head. [demonic ancestry]
  1183 | D:2      | Reached XP level 3. HP: 27/29 MP: 3/3
  1242 | D:2      | Reached skill level 1 in Unarmed Combat
  1498 | D:2      | Identified the Handbook of the Arsonist
  1502 | D:2      | Learned a level 1 spell: Foxfire
  2259 | D:3      | Found an opulent altar of Gozag.
  2382 | D:3      | Gained mutation: You regenerate a little health from kills.
                  | [demonic ancestry]
  2382 | D:3      | Reached XP level 4. HP: 29/35 MP: 4/4
  2965 | D:3      | Reached skill level 1 in Dodging
  2977 | D:3      | Found a hazy altar of Hepliaklqana.
  3082 | D:4      | Reached skill level 1 in Fire Magic
  3082 | D:4      | Reached XP level 5. HP: 37/42 MP: 5/5
  3135 | D:4      | Noticed Grinder
  3145 | D:5      | Entered Level 5 of the Dungeon
  3222 | D:5      | Noticed Eustachio
  3397 | D:4      | Noticed a black bear
  3745 | D:5      | Found an ancient bone altar of Kikubaaqudgha.
  3892 | D:5      | Noticed an ogre
  3912 | D:5      | Killed an ogre
  3913 | D:5      | Reached skill level 2 in Unarmed Combat
  3913 | D:5      | Reached skill level 1 in Conjurations
  4058 | D:5      | Reached skill level 1 in Spellcasting
  4058 | D:5      | Reached XP level 6. HP: 39/48 MP: 6/8
  4377 | D:5      | Killed Eustachio
  4730 | D:5      | Reached XP level 7. HP: 46/53 MP: 9/9
  5547 | D:4      | Paralysed by Grinder for 2 turns
  5553 | D:4      | Gained mutation: Armour fits poorly on your strangely
                  | shaped body. [potion of mutation]
  5553 | D:4      | Gained mutation: Your body sometimes deteriorates upon
                  | taking damage. [potion of mutation]
  5553 | D:4      | Gained mutation: You expend magic power (3 MP) to
                  | strengthen your wands. [potion of mutation]
  5562 | D:4      | Killed Grinder
  5563 | D:4      | Reached skill level 3 in Unarmed Combat
  5563 | D:4      | Reached skill level 1 in Evocations
  5574 | D:4      | Identified the +7 trident "Ixy Qou" {antimagic, Dex+6}
  6343 | D:4      | Gained mutation: You have a pair of horns on your head.
                  | [demonic ancestry]
  6343 | D:4      | Reached XP level 8. HP: 21/61 MP: 6/11
  6914 | D:6      | Reached skill level 4 in Unarmed Combat
  7345 | D:6      | Reached skill level 5 in Fighting
  7632 | D:6      | Reached skill level 1 in Stealth
  7829 | D:6      | Found a burning altar of Makhleb.
  7910 | D:6      | Found a staircase to the Ecumenical Temple.
  7912 | D:6      | Noticed Duvessa
  7913 | D:6      | Noticed Dowan
  7939 | D:6      | Killed Duvessa
  8386 | D:6      | Killed Dowan
  8560 | Temple   | Entered the Ecumenical Temple
  8783 | Temple   | Became a worshipper of Vehumet
  9220 | D:7      | Noticed Pikel
  9605 | D:6      | Reached XP level 9. HP: 45/68 MP: 14/14
  9942 | D:7      | Killed Pikel
  9943 | D:7      | Reached skill level 5 in Unarmed Combat
 10428 | D:7      | Noticed Joseph
 10740 | D:6      | Learned a level 4 spell: Sticky Flame
 10774 | D:7      | Reached skill level 1 in Throwing
 10844 | D:7      | Killed Joseph
 10992 | D:7      | Identified the +6 falchion of the Girdle {vorpal, rF+
                  | Str+4}
 11364 | D:8      | You fall into a shaft and drop 2 floors!
 11364 | D:10     | Entered Level 10 of the Dungeon
 11565 | D:10     | Reached skill level 6 in Unarmed Combat
 11603 | D:10     | Slain by a killer bee

Illustrated notes

Levels and vault maps discovered:
D:1:      dpeg_arrival_water_fire, layout_loops_ring,
          ebering_ecumenical_altar_ruins
D:2:      layout_loops_cross, basic_altar, minmay_octomino_e4
D:3:      layout_loops_cross, nicolae_hepliaklqana_hippocampus,
          general_overflow_altar, hangedman_decor_opposing,
          wander_ebering_terrifying_dragon_lair
D:4:      minmay_spotlight, layout_basic, chequers_serial_rivers_micro_d,
          st_stairs_12, uniq_grinder
D:5:      layout_loops_corners, lemuel_tele_altar, uniq_eustachio
D:6:      layout_rooms, lemuel_coloured_pillars_altar,
          minmay_temple_entry_mini_moons, lightli_minifort, uniq_duvessa
D:7:      layout_basic, uniq_pikel, uniq_joseph
D:8:      layout_loops_ring, tgw_trog, kennysheep_generic_room_12, uniq_psyche,
          uniq_maggie, uniq_harold
D:10:     layout_long_grid, lemuel_zombie_altar_yredelemnul,
          grunt_lair_entry_orc_guard_hut, uniq_urug
Temple:   nicolae_temple_figure_eight

Skill      XL: |  1  2  3  4  5  6  7  8  9 |
---------------+----------------------------+-----
Long Blades    | 2 |  2.0
Unarmed Combat | 1 2 3 4 6 |  6.0
Armour         | 3 4 |  4.8
Dodging        | 1 2 3 4 |  4.2
Fire Magic     | 1 2 3 4 |  4.5
Conjurations   | 1 2 3 4 |  4.1
Spellcasting   | 1 2 3 4 |  4.5
Fighting       | 4 5 |  5.9
Evocations     | 1 |  1.1
Stealth        | 1 |  1.6
Throwing       | 1 |  1.2
Shields        | |  2.9

Action                   |  1- 3 |  4- 6 |  7- 9 || total
-------------------------+-------+-------+-------++-------
Melee: Long sword        |    26 |       |       ||    26
       Unarmed           |   136 |   165 |   262 ||   563
       Headbutt          |    13 |    31 |    46 ||    90
       Punch             |       |     2 |     5 ||     7
Throw: Dart              |       |       |    10 ||    10
 Cast: Foxfire           |       |       |    99 ||    99
       Sticky Flame      |       |       |     3 ||     3
Evoke: Wand              |       |     4 |     3 ||     7
  Use: Potion            |     1 |     1 |     7 ||     9
       Scroll            |       |       |     2 ||     2
 Stab: Sleeping          |       |       |     1 ||     1
Armor: Scale mail        |    64 |    66 |       ||   130
       Chain mail        |       |    61 |    16 ||    77
       Leather armour    |       |       |    35 ||    35
       Robe              |       |       |    19 ||    19
Dodge: Dodged            |    88 |   183 |   306 ||   577
Block: Kite shield       |     5 |       |       ||     5
       Rpst.: Long sword |     3 |       |       ||     3

Table legend: (Time is in decaauts)
 A = Elapsed time spent in this place.
 B = Non-inter-level travel time spent in this place.
 C = Inter-level travel time spent in this place.
 D = Time resting spent in this place.
 E = Time spent auto-exploring this place.
 F = Levels seen in this place.
 G = Mean time per level.
                   A        B        C        D        E       F      G
               +--------+--------+--------+--------+--------+-----+--------+
         Total |  11603 |  11213 |    390 |   1860 |   7577 |  10 | 1160.3 |
       Dungeon |  11358 |  11009 |    349 |   1860 |   7379 |   9 | 1262.0 |
        Temple |    244 |    203 |     41 |      0 |    198 |   1 |  244.0 |
               +--------+--------+--------+--------+--------+-----+--------+

Top non-repeatable levels by time:
     D:6: 2449 daAuts
     D:5: 2391 daAuts
     D:4: 1768 daAuts
     D:7: 1435 daAuts
     D:1: 1113 daAuts
     D:3: 1046 daAuts
     D:2: 913 daAuts
  Temple: 244 daAuts
    D:10: 235 daAuts
     D:8: 4 daAuts
